 Dungeon Crawl Stone Soup version 0.25-a0-364-ge76b031 (webtiles) character file.

Game seed: 4719567228584288526, levelgen mode: deterministic

27316 Birdy the Severer (level 13, -1/90 HPs)
             Began as a Formicid Gladiator on Jan 4, 2020.
             Was a High Priest of Wu Jian.
             Slain by an eight-headed hydra (7 damage)
             ... on level 3 of the Lair of Beasts.
             The game lasted 00:32:23 (17834 turns).

Birdy the Severer (Formicid Gladiator)             Turns: 17834, Time: 00:32:24

Health: -1/90      AC:  8    Str: 27    XL:     13   Next: 64%
Magic:  13/13      EV: 14    Int:  8    God:    Wu Jian [*****.]
Gold:   674        SH:  6    Dex: 16    Spells: 12/12 levels left

rFire    + . .     SeeInvis +   j - +5 war axe of Hoplunn {freeze, Str+7}
rCold    + . .     Gourm    .   h - +1 buckler
rNeg     . . .     Faith    .   z - +2 leather armour {MR+}
rPois    .         Spirit   .   (helmet unavailable)
rElec    .         Reflect  .   K - scarf {rC+ rF+}
rCorr    .         Harm     .   t - +0 pair of gloves
MR       ++...                  (no boots)
Stlth    +.........             f - amulet of the acrobat
HPRegen  0.25/turn              p - +1 ring of evasion
MPRegen  0.13/turn              v - +2 ring of protection

@: no status effects
A: permanent stasis, dig shafts and tunnels, four strong arms, antennae 3
a: Dig, Shaft Self, Wall Jump, Serpent's Lash, Heavenly Storm, Renounce Religion


You were on level 3 of the Lair of Beasts.
You worshipped Wu Jian.
Wu Jian was extremely pleased with you.
You were hungry.

You visited 3 branches of the dungeon, and saw 15 of its levels.

You collected 878 gold pieces.
You spent 204 gold pieces at shops.

Inventory:

Hand Weapons
 j - the +5 war axe of Hoplunn (weapon) {freeze, Str+7}
   (You bought it in a shop on level 4 of the Dungeon)

   It has been specially enchanted to freeze those struck by it, causing extra
   injury to most foes and up to half again as much damage against particularly
   susceptible opponents.
   It can also slow down cold-blooded creatures.
   It affects your strength (+7).
 o - a +0 executioner's axe of freezing
Missiles
 b - 7 boomerangs of dispersal
 c - 3 throwing nets (quivered)
 q - 6 curare-tipped darts
Armour
 h - a +1 buckler (worn)
 k - a +2 cloak
 t - a +0 pair of gloves (worn)
 z - a +2 leather armour of magic resistance (worn)
 J - the +0 plate armour "Quide" {-Cast rC++ Str+5}
   (You found it on level 2 of the Lair of Beasts)

   It affects your strength (+5).
   It greatly protects you from cold.
   It prevents spellcasting.
 K - a scarf of resistance (worn)
Jewellery
 f - an amulet of the acrobat (around neck)
 p - a +1 ring of evasion (left hand)
 u - an uncursed amulet of the gourmand
 v - a +2 ring of protection (right hand)
 x - an uncursed ring of magical power
 y - an uncursed ring of resist corrosion
 L - an uncursed ring of ice
Wands
 m - a wand of paralysis (5)
 A - a wand of flame (23)
 D - a wand of digging (5)
Scrolls
 e - 8 scrolls of remove curse
 g - 4 scrolls of magic mapping
 i - 3 scrolls of amnesia
 s - a scroll of enchant armour
 B - 2 scrolls of fog
 E - a scroll of random uselessness {unknown}
 F - 3 scrolls of enchant weapon {unknown}
 I - a scroll of blinking {unknown}
Potions
 l - a potion of mutation
 n - 2 potions of agility {unknown}
 w - 2 potions of lignification
 C - 3 potions of brilliance
 G - a potion of heal wounds
 H - 2 potions of curing
Comestibles
 d - 40 rations


   Skills:
 + Level 4.5 Fighting
 - Level 20.0 Axes
 - Level 2.0 Throwing
 - Level 2.6 Dodging
 - Level 2.4 Shields


You had 12 spell levels left.
You didn't know any spells.
Your spell library contained the following spells:

 Spells                   Type           Power        Failure   Level  Hunger
 Animate Skeleton         Necr           N/A          43%         1    ##.....
 Apportation              Tloc           #.....       43%         1    ##.....
 Confusing Touch          Hex            #.....       43%         1    ##.....
 Magic Dart               Conj           #...         43%         1    ##.....
 Summon Butterflies       Summ           #.......     43%         1    ##.....
 Summon Small Mammal      Summ           #...         43%         1    ##.....
 Call Imp                 Summ           #.......     58%         2    ###....
 Slow                     Hex            #.......     58%         2    ###....
 Conjure Flame            Conj/Fire      #.......     82%         3    ####...
 Lesser Beckoning         Tloc           #.........   82%         3    ####...
 Mephitic Cloud           Conj/Pois/Air  #.......     82%         3    ####...
 Tukima's Dance           Hex            #.......     82%         3    ####...
 Cause Fear               Hex            #.........   99%         4    #####..
 Alistair's Intoxication  Tmut/Pois      #.......     100%        5    ######.
 Bolt of Magma            Conj/Fire/Erth #.........   100%        5    ######.
 Iskenderun's Battlesphe  Conj/Chrm      #.......     100%        5    ######.
 Silence                  Hex/Air        #.........   100%        5    ######.
 Yara's Violent Unravell  Hex/Tmut       #.........   100%        5    ######.
 Deflect Missiles         Chrm/Air       #.........   100%        6    #######
 Invisibility             Hex            #.......     100%        6    #######
 Iron Shot                Conj/Erth      #.........   100%        6    #######
 Orb of Destruction       Conj           #.........   100%        7    #######
 Spellforged Servitor     Conj/Summ      #.........   100%        7    #######
 Discord                  Hex            #.........   100%        8    #######
 Blink                    Tloc           Unusable     N/A         2    N/A

Dungeon Overview and Level Annotations

Branches:
Dungeon (11/15)            Temple (1/1) D:4            Lair (3/6) D:11
 Shoals (0/4) Lair:3        Snake (0/4) Lair:2          Orc (0/2) D:9

Altars:
Ashenzari
Cheibriados
Dithmenos
Elyvilon
Fedhas
Gozag
Hepliaklqana
Kikubaaqudgha
Makhleb
Nemelex Xobeh
Okawaru
Qazlal
Ru
Sif Muna
Trog
Uskayaw
Vehumet
Wu Jian
Xom
Yredelemnul
Zin
The Shining One

Shops:
D:4 (   D:7 ?   D:9 [


Innate Abilities, Weirdness & Mutations

You cannot be hasted, slowed, berserked, paralysed or teleported.
You can dig through walls and to a lower floor.
Your four strong arms can wield two-handed weapons with a shield.
You have a pair of large antennae on your head. (SInv)


Message History

The eight-headed hydra is lightly wounded.
You barely miss the eight-headed hydra.
The eight-headed hydra is lightly wounded.
You block the eight-headed hydra's attack.
The eight-headed hydra bites you!
You block the eight-headed hydra's attack.
The eight-headed hydra bites you! x3
* * * LOW HITPOINT WARNING * * *
The eight-headed hydra bites you.
* * * LOW HITPOINT WARNING * * *
The eight-headed hydra bites you!
* * * LOW HITPOINT WARNING * * *
As you read the scroll of fear, it crumbles to dust.
You assume a fearsome visage.
The elephant looks frightened!
The eight-headed hydra resists with almost no effort.
The eight-headed hydra bites you.
* * * LOW HITPOINT WARNING * * *
The eight-headed hydra barely misses you.
The eight-headed hydra bites you!
You die...

#......##### ###...######.###....
##......# #P...##......P.....
#......## .##.....#............
.#.....P# .##............#P..>.
.+......# .###...P#............
.......### .##..<..#......##....
.#....YP#.+#. ##...P#......P#....
.......###..###....###...#.##....
.......P##+PP.##@..#P.####...†...
.............Y.D.................
##..###..###########.###.#P#.#.#.
#### #### ### ##########


You could see an eight-headed hydra (pinned) and an elephant (fleeing).

Vanquished Creatures
  Fannar (Lair:3)
  A two-headed ogre (D:10)
  Sonja (D:10)
  The ghost of Chimkentus the Geomancer, a novice OpEE of Ru (D:8)
  An unseen horror (D:9)
  2 ugly things (D:11)
  5 elephants (Lair:3)
  A merfolk siren (Lair:3)
  A black mamba (Lair:2)
  Psyche (D:11)
  4 spiny frogs
  A komodo dragon (Lair:1)
  A troll (D:9)
  Prince Ribbit (D:6)
  A hornet (Lair:2)
  7 hippogriffs
  A human (D:10)
  A wraith (D:10)
  A wyvern (D:3)
  3 hogs (D:10)
  Eustachio (D:6)
  A hungry ghost (D:5)
  39 yaks
  A vampire mosquito (D:8)
  Menkaure (D:6)
  7 water moccasins
  8 porcupines
  12 sky beasts
  4 ice beasts
  14 orc warriors
  A black bear (D:8)
  An eye of draining (D:10)
  13 ogres
  3 wolves (Lair:3)
  5 crocodiles
  2 phantoms
  3 centaurs
  A big kobold (D:9)
  Blork the orc (D:6)
  10 bullfrogs
  3 gnoll sergeants
  6 scorpions
  A water moccasin zombie (D:6)
  6 killer bees
  4 wights
  2 howler monkeys
  2 electric eels (Lair:1)
  2 crimson imps (D:10)
  2 bullfrog zombies
  8 hounds
  2 centaur zombies
  8 jellies
  7 orc priests
  2 centaur skeletons (D:5)
  12 orc wizards
  A bullfrog skeleton (D:5)
  2 iguanas
  5 hell rats (Lair:2)
  11 worker ants
  A hound zombie (D:5)
  4 hound skeletons
  10 gnolls
  A howler monkey skeleton (D:6)
  6 adders
  3 river rats (Lair:2)
  A shadow imp (D:5)
  3 oozes
  An adder zombie (D:9)
  3 adder skeletons
  3 worms
  3 dart slugs
  8 leopard geckos
  49 orcs
  5 giant cockroaches
  7 goblins
  5 hobgoblins
  30 jackals
  5 kobolds
  7 quokkas
  A ball python (D:4)
  15 bats
  5 frilled lizards
  A quokka zombie (D:5)
  6 rats
  2 butterflies (Lair:3)
  3 fungi
  A plant (Lair:3)
439 creatures vanquished.

Vanquished Creatures (others)
  A gnoll (D:9)
  7 fungi
  16 plants
24 creatures vanquished.

Grand Total: 463 creatures vanquished

Notes
Turn   | Place    | Note
-------+----------+-------------------------------------------
     0 | D:1      | Birdy the Formicid Gladiator began the quest for the Orb.
     0 | D:1      | Reached XP level 1. HP: 16/16 MP: 1/1
   414 | D:1      | Reached XP level 2. HP: 12/22 MP: 2/2
   760 | D:1      | Reached skill level 4 in Axes
   760 | D:1      | Reached XP level 3. HP: 25/27 MP: 3/3
  1735 | D:2      | Reached skill level 1 in Shields
  1765 | D:2      | Reached XP level 4. HP: 31/33 MP: 4/4
  2523 | D:3      | Reached XP level 5. HP: 24/38 MP: 5/5
  2788 | D:3      | Reached skill level 5 in Axes
  3278 | D:3      | Noticed a wyvern
  3289 | D:3      | Killed a wyvern
  3289 | D:3      | Reached skill level 6 in Axes
  3289 | D:3      | Reached XP level 6. HP: 11/44 MP: 6/6
  4291 | D:4      | Reached skill level 7 in Axes
  4291 | D:4      | Reached XP level 7. HP: 19/50 MP: 7/7
  4807 | D:4      | Reached skill level 8 in Axes
  5162 | D:4      | Found Juric's Antique Weapon Shoppe.
  5200 | D:4      | Found a staircase to the Ecumenical Temple.
  5209 | Temple   | Entered the Ecumenical Temple
  5222 | Temple   | Became a worshipper of the Wu Jian Council
  5549 | D:4      | Bought a dazzling war axe for 204 gold pieces
  5549 | D:4      | Identified the +5 war axe of Hoplunn {freeze, Str+7} (You
                  | bought it in a shop on level 4 of the Dungeon)
  5623 | D:5      | Entered Level 5 of the Dungeon
  5744 | D:5      | Reached XP level 8. HP: 56/56 MP: 8/8
  5757 | D:5      | Reached skill level 9 in Axes
  5804 | D:5      | Reached skill level 10 in Axes
  5820 | D:5      | Reached XP level 9. HP: 26/61 MP: 9/9
  6120 | D:5      | Reached skill level 11 in Axes
  6144 | D:5      | Reached * piety under Wu Jian
  6543 | D:6      | Noticed Prince Ribbit
  6556 | D:6      | Killed Prince Ribbit
  6556 | D:6      | Reached skill level 12 in Axes
  6919 | D:6      | Noticed Menkaure
  6925 | D:6      | Killed Menkaure
  6973 | D:6      | Noticed Eustachio
  6973 | D:6      | Noticed Blork the orc
  6984 | D:6      | Killed Blork the orc
  6984 | D:6      | Killed Eustachio
  6984 | D:6      | Reached XP level 10. HP: 66/67 MP: 10/10
  7020 | D:6      | Found a glowing silver altar of Zin.
  7131 | D:6      | Identified a scroll of acquirement
  7169 | D:6      | Reached skill level 13 in Axes
  7662 | D:7      | Found Qosullus's Magic Scroll Shop.
  7716 | D:7      | Reached ** piety under Wu Jian
  8309 | D:8      | Reached skill level 14 in Axes
  8335 | D:8      | Found a runed translucent gate.
  8335 | D:8      | Found a runed translucent gate.
  8335 | D:8      | Found a runed translucent gate.
  8340 | D:8      | Found an opulent altar of Gozag.
  8341 | D:8      | Noticed Chimkentus's ghost (novice OpEE)
  8375 | D:8      | Killed Chimkentus's ghost
  8549 | D:8      | Reached *** piety under Wu Jian
  8567 | D:8      | Reached XP level 11. HP: 67/72 MP: 11/11
  8661 | D:8      | Reached skill level 15 in Axes
  9044 | D:9      | Noticed an unseen horror
  9053 | D:9      | Killed an unseen horror
  9447 | D:9      | Reached skill level 16 in Axes
  9702 | D:9      | Found a staircase to the Orcish Mines.
  9756 | D:9      | Reached **** piety under Wu Jian
 10408 | D:9      | Found Maniro's Antique Armour Boutique.
 10472 | D:10     | Entered Level 10 of the Dungeon
 10637 | D:10     | Reached skill level 17 in Axes
 10637 | D:10     | Reached XP level 12. HP: 44/78 MP: 12/12
 11017 | D:10     | Noticed a two-headed ogre
 11040 | D:10     | Killed a two-headed ogre
 11085 | D:10     | Reached ***** piety under Wu Jian
 11887 | D:10     | Noticed Sonja
 11898 | D:10     | Killed Sonja
 12058 | D:11     | Reached skill level 18 in Axes
 12130 | D:11     | Noticed Psyche
 12149 | D:11     | Killed Psyche
 12851 | D:11     | Found a staircase to the Lair.
 12874 | D:11     | Identified the cursed +0 robe "Oduso" {MR+}
 12896 | Lair:1   | Entered Level 1 of the Lair of Beasts
 13944 | Lair:1   | Reached XP level 13. HP: 48/83 MP: 13/13
 13964 | Lair:1   | Reached skill level 19 in Axes
 15766 | Lair:2   | Found a staircase to the Snake Pit.
 15936 | Lair:2   | Got a translucent plate armour
 16653 | Lair:2   | Identified the cursed +0 plate armour "Quide" {-Cast rC++
                  | Str+5} (You found it on level 2 of the Lair of Beasts)
 16932 | Lair:3   | Found a staircase to the Shoals.
 17111 | Lair:3   | Noticed Fannar
 17141 | Lair:3   | Killed Fannar
 17210 | Lair:3   | Noticed a four-headed hydra
 17495 | Lair:3   | Reached skill level 20 in Axes
 17834 | Lair:3   | Slain by an eight-headed hydra

Levels and vault maps discovered:
D:1:      psy_arrival_heroes, layout_basic, minmay_misc_feat_roman
D:2:      minmay_inner_zag, layout_rooms, first_ration
D:3:      layout_basic
D:4:      layout_basic, lemuel_temple_firewalk_b, serial_shops,
          nicolae_shop_behind_doors
D:5:      cheibrodos_barr_body, layout_basic, st_stairs_14,
          hangedman_decor_riveting
D:6:      layout_basic, zin_scriptorium, sword_in_stone, uniq_prince_ribbit1,
          uniq_blork_the_orc, uniq_menkaure
D:7:      layout_loops_cross, serial_shops, shop
D:8:      layout_cave_pools, ebering_ghost_gozag
D:9:      layout_basic, kennysheep_orc_monster_closet_entryway, serial_shops,
          shop_fountains
D:10:     layout_stronghold, grunt_livestock, uniq_sonja
D:11:     layout_irregular_city, grunt_lair_entry_orc_guard_hut,
          nrook_pool_corridor, uniq_psyche
Temple:   regret_index_temple_sigil_plot
Lair:1:   layout_gridlike, serial_bayou, serial_bayou_shore_b,
          serial_bayou_lagoon_a, serial_bayou_shore_a, serial_bayou_pond_c,
          serial_bayou_pond_d
Lair:2:   layout_chaotic_city, dummy_snake_entry, kennysheep_abandoned_house,
          grunt_megastairs_2
Lair:3:   layout_regular_city, elwin_shoals_entry_rooms, grunt_megastairs_1,
          lemuel_fruit_tree, lemuel_fruit_fields, uniq_fannar

Skill      XL: |  1  2  3  4  5  6  7  8  9 10 11 12 13 |
---------------+----------------------------------------+-----
Axes           | 4 6 7 8 10 12 14 17 18 20 | 20.0
Shields        | 1 2 |  2.4
Fighting       | 4 |  4.5
Throwing       | |  2.0
Dodging        | |  2.6

Action                   |  1- 3 |  4- 6 |  7- 9 | 10-12 | 13-15 || total
-------------------------+-------+-------+-------+-------+-------++-------
Melee: War axe           |   113 |   130 |   176 |   596 |   194 ||  1209
Throw: Throwing net      |       |       |       |     4 |       ||     4
Invok: Lunge             |       |       |    12 |    68 |    20 ||   100
       Whirlwind         |       |       |     7 |    35 |    18 ||    60
       Serpent's Lash    |       |       |       |     4 |     1 ||     5
 Abil: Dig               |       |       |       |     1 |       ||     1
       Wall Jump         |       |       |       |     1 |       ||     1
Evoke: Wand              |       |     6 |     3 |     8 |     8 ||    25
  Use: Potion            |     3 |     2 |     3 |     6 |       ||    14
       Scroll            |     1 |     8 |     5 |    10 |     2 ||    26
 Stab: Invisible         |     4 |       |     3 |     5 |       ||    12
       Sleeping          |     1 |       |       |       |     1 ||     2
  Eat: Chunk             |     3 |     5 |     6 |    18 |    12 ||    44
       Ration            |       |     1 |     1 |     1 |       ||     3
Armor: Leather armour    |    44 |    36 |     1 |    18 |    35 ||   134
       Ring mail         |       |       |    23 |    56 |       ||    79
Dodge: Dodged            |   104 |   109 |    71 |   209 |    81 ||   574
Block: Buckler           |       |    24 |    31 |    94 |    33 ||   182

Table legend:
 A = Non-vault XP
 B = Vault XP
 C = Vault XP percentage of total XP
 D = Non-vault monster count
 E = Vault monster count
 F = Vault count percentage of total count
                 A         B        C        D         E       F
            +---------+---------+-------+---------+---------+-------
      Total |   28144 |   10880 |  27.9 |     357 |      76 |  17.6
            +---------+---------+-------+---------+---------+-------
        D:1 |      42 |       0 |   0.0 |      22 |       0 |   0.0
        D:2 |      60 |      12 |  16.7 |      25 |       4 |  13.8
        D:3 |     330 |       0 |   0.0 |      23 |       0 |   0.0
        D:4 |     403 |       0 |   0.0 |      14 |       0 |   0.0
        D:5 |    1135 |     960 |  45.8 |      27 |      13 |  32.5
        D:6 |     604 |     859 |  58.7 |      18 |       6 |  25.0
        D:7 |    1024 |       0 |   0.0 |      27 |       0 |   0.0
        D:8 |    1614 |    1058 |  39.6 |      35 |       4 |  10.3
        D:9 |    4685 |    1533 |  24.7 |      40 |      19 |  32.2
       D:10 |    4192 |    1831 |  30.4 |      42 |       6 |  12.5
       D:11 |    4870 |    1090 |  18.3 |      43 |       6 |  12.2
     Lair:1 |    4281 |       0 |   0.0 |      21 |       0 |   0.0
     Lair:2 |    1722 |    1362 |  44.2 |      10 |      13 |  56.5
     Lair:3 |    3182 |    2175 |  40.6 |      10 |       5 |  33.3
            +---------+---------+-------+---------+---------+-------
